 Dungeon Sprint DCSS version 0.24.1-14-gf8d2b509d9 (webtiles) character file.

Game seed: 3616434971424894593, levelgen mode: deterministic

2776 sahdkjhfkaj the Transmogrifier (level 9, -1/68 HPs)
             Began as an Octopode Transmuter on Oct 4, 2020.
             Was an Initiate of Gozag.
             Slain by an unseen horror (6 damage)
             ... in the Dungeon (Sprint III: "The Ten Rune Challenge").
             The game lasted 00:03:31 (1544 turns).

sahdkjhfkaj the Transmogrifier (OpTm)               Turns: 1544, Time: 00:03:31

Health: -1/68      AC:  1    Str: 11    XL:     9   Next: 70%
Magic:  15/15      EV: 25    Int: 17    God:    Gozag
Gold:   17         SH:  0    Dex: 17    Spells: 8/17 levels left

rFire    + . .     SeeInvis .     - Unarmed
rCold    + . .     Gourm    .   (no shield)
rNeg     . . .     Faith    .   (helmet restricted)
rPois    +         Spirit   .   (no amulet)
rElec    +         Reflect  .   (no ring)
rCorr    +         Harm     .   (no ring)
MR       .....     NoTele   +   (no ring)
Stlth    ++++......             (no ring)
HPRegen  0.21/turn              (no ring)
MPRegen  0.14/turn              (no ring)
                                (no ring)
                                (no ring)

@: agile, resistant, berserk cooldown, very slightly contaminated, hasted and
slowed, invisible
A: almost no armour, stealthy swim, amphibious, 8 rings, constrict 8, camouflage
1, gelatinous body 1
a: Potion Petition, Call Merchant, Bribe Branch, Renounce Religion


You were in the Dungeon.
You worshipped Gozag.
Gozag was noncommittal.
You were not hungry.

You visited 1 branch You collected 840 gold pieces.
You spent 55 gold pieces at shops.
You paid 768 gold pieces to Gozag.

Inventory:

Missiles
 a - 52 arrows
Scrolls
 b - 4 scrolls of identify
 i - a scroll of blinking
 j - a scroll of immolation {unknown}
 k - 3 scrolls of remove curse
 l - a scroll of torment {unknown}
Potions
 d - 5 potions of mutation {unknown}
 e - a potion of curing
 g - 2 potions of magic
 h - 2 potions of berserk rage
 m - a potion of flight {unknown}
Miscellaneous
 n - a box of beasts
Comestibles
 c - 4 rations


   Skills:
 + Level 9.3 Fighting
 + Level 9.5 Dodging
 + Level 12.1 Unarmed Combat
 + Level 4.5 Spellcasting
 - Level 12.3 Transmutations


You had 8 spell levels left.
You knew the following spells:

 Your Spells              Type           Power        Failure   Level  Hunger
a - Beastly Appendage     Tmut           #####.       1%          1    None
b - Confusing Touch       Hex            #.....       16%         1    None
A - Blade Hands           Tmut           #####.....   2%          5    ######.
T - Sticks to Snakes      Tmut           #####...     1%          2    ##.....

Your spell library contained the following spells:

 Spells                   Type           Power        Failure   Level  Hunger
 Spider Form              Tmut/Pois      ###.......   3%          3    ###....
 Ice Form                 Ice/Tmut       ###.....     12%         4    ####...
 Animate Skeleton         Necr           N/A          16%         1    None
 Apportation              Tloc           #.....       16%         1    None
 Summon Small Mammal      Summ           #...         16%         1    None


Dungeon Overview and Level Annotations

Branches:
Dungeon (1/1)

Altars:
Cheibriados
Dithmenos
Elyvilon
Fedhas
Gozag
Hepliaklqana
Kikubaaqudgha
Makhleb
Nemelex Xobeh
Okawaru
Qazlal
Ru
Sif Muna
Trog
Uskayaw
Vehumet
Wu Jian
Xom
Yredelemnul
Zin
The Shining One
Beogh
Jiyva
Lugonu

Shops:
D %


Innate Abilities, Weirdness & Mutations

You cannot wear most types of armour.
You are very stealthy in the water. (Stealth+)
You are amphibious.
You can wear up to eight rings at the same time.
You can use your tentacles to constrict eight enemies at once.
Your skin changes colour to match your surroundings (Stealth+).
Your rubbery body absorbs attacks. (AC +1, EV +1)


Message History

* * * LOW HITPOINT WARNING * * *
You can move again.
Unknown command.
Unknown command.
You feel better. Something hits you.
* * * LOW HITPOINT WARNING * * *
You feel yourself speed up. Something hits you.
* * * LOW HITPOINT WARNING * * *
Something closely misses you. Something completely misses you.
Something barely misses you. Something hits you.
* * * LOW HITPOINT WARNING * * *
There is an open door here.
Something hits you!
* * * LOW HITPOINT WARNING * * *
There is an entrance to Ypiemu Imeo's Food Shoppe here.
Something is blocking the doorway!
Something barely misses you. Something hits you.
You die...
Your body crumbles into a pile of gold. #### $ $ $ #__# $ $ $ $ $$ #._# $ #)## $$ $ ...# $ ...# $ $$$$

$ ##'# $$ $ $$$
...#+#####################
...#..≈≈≈§.#)').@{.#.#.#.+
...#.#≈≈§#.#.#)..##.#.#.##
...'.#.§§#.#.#...#.#.#.#.#
...#.#§§§#...#...##.#.#.##
▓▓▓▓▓▓▓▓▓▓▓▓▓▓▓▓▓#.#.#.#.#
##.#.#.# +.#.#.#.# ##.#.#
## #+##


There were no monsters in sight!

Vanquished Creatures
  Erica (D)
  A centaur warrior (D)
  A deep elf mage (D)
  A shadow (D)
  A spatial vortex (D)
  A necrophage (D)
  2 centaurs (D)
  An earth elemental (D)
  A water elemental (D)
  A scorpion (D)
  A jelly (D)
  A wizard (D)
  A necromancer (D)
  3 humans (D)
  A kobold demonologist (D)
  4 rats (D)
22 creatures vanquished.

Vanquished Creatures (others)
  2 draconian scorchers (D)
  6 hellions (D)
  2 yaktaurs (D)
10 creatures vanquished.

Grand Total: 32 creatures vanquished

Notes
Turn   | Place    | Note
-------+----------+-------------------------------------------
     0 | D        | sahdkjhfkaj the Octopode Transmuter began the quest for the
                  | Orb.
     0 | D        | Reached XP level 1. HP: 13/13 MP: 3/3
    40 | D        | Noticed a scorpion
    40 | D        | Killed a yaktaur
    42 | D        | Reached XP level 2. HP: 10/18 MP: 3/5
    51 | D        | Killed a yaktaur
   133 | D        | Killed a hellion
   142 | D        | Killed a hellion
   146 | D        | Killed a hellion
   147 | D        | Killed a hellion
   147 | D        | Killed a hellion
   147 | D        | Killed a hellion
   155 | D        | Killed a white draconian scorcher
   166 | D        | Learned a level 2 spell: Sticks to Snakes
   278 | D        | Killed a scorpion
   278 | D        | Reached XP level 3. HP: 11/23 MP: 2/6
   278 | D        | Reached XP level 4. HP: 13/28 MP: 2/7
   292 | D        | Killed a white draconian scorcher
   430 | D        | Noticed a water elemental
   442 | D        | Killed a water elemental
   442 | D        | Reached skill level 5 in Transmutations
   442 | D        | Reached XP level 5. HP: 3/33 MP: 5/8
   715 | D        | Learned a level 5 spell: Blade Hands
   724 | D        | Found a hide-covered altar of Uskayaw.
   724 | D        | Found a roughly hewn altar of Beogh.
   724 | D        | Found an iron altar of Okawaru.
   724 | D        | Found a bloodstained altar of Trog.
   724 | D        | Found an ornate altar of the Wu Jian Council.
   724 | D        | Noticed a human
   725 | D        | Noticed a human
   728 | D        | Killed a human
   728 | D        | Reached XP level 6. HP: 38/38 MP: 3/9
   729 | D        | Killed a human
   782 | D        | Found a glowing silver altar of Zin.
   783 | D        | Found a glowing golden altar of the Shining One.
   783 | D        | Found a white marble altar of Elyvilon.
   783 | D        | Noticed a deep elf mage
   787 | D        | Killed a deep elf mage
   787 | D        | Reached skill level 5 in Dodging
   787 | D        | Reached XP level 7. HP: 15/49 MP: 4/10
  1197 | D        | Noticed a shadow
  1199 | D        | Killed a shadow
  1199 | D        | Reached skill level 5 in Fighting
  1199 | D        | Reached skill level 10 in Unarmed Combat
  1199 | D        | Reached XP level 8. HP: 56/56 MP: 5/11
  1206 | D        | Found a blossoming altar of Fedhas.
  1206 | D        | Found a stormy altar of Qazlal.
  1206 | D        | Found a snail-covered altar of Cheibriados.
  1206 | D        | Found a burning altar of Makhleb.
  1206 | D        | Found a shimmering altar of Xom.
  1207 | D        | Found a hazy altar of Hepliaklqana.
  1207 | D        | Found an opulent altar of Gozag.
  1207 | D        | Found a sparkling altar of Nemelex Xobeh.
  1207 | D        | Found a corrupted altar of Lugonu.
  1207 | D        | Found a viscous altar of Jiyva.
  1215 | D        | Became a worshipper of Gozag Ym Sagoz the Greedy
  1248 | D        | Found a radiant altar of Vehumet.
  1254 | D        | Found a shimmering blue altar of Sif Muna.
  1254 | D        | Found an ancient bone altar of Kikubaaqudgha.
  1262 | D        | Learned a level 1 spell: Confusing Touch
  1273 | D        | Found a basalt altar of Yredelemnul.
  1273 | D        | Found a shadowy altar of Dithmenos.
  1273 | D        | Found a sacrificial altar of Ru.
  1295 | D        | Noticed Erica
  1301 | D        | Killed Erica
  1301 | D        | Reached XP level 9. HP: 60/66 MP: 7/12
  1398 | D        | Noticed a centaur warrior
  1409 | D        | Killed a centaur warrior
  1511 | D        | Bought a ration for 55 gold pieces
  1544 | D        | Slain by an unseen horror

Levels and vault maps discovered:
D:        dungeon_sprint_mu [sprint_mu_entry_forest, sprint_mu_temple_rooms,
          sprint_mu_d1_horrors, sprint_mu_d2_genie, sprint_mu_d3_branching,
          sprint_mu_orc_legion, sprint_mu_elf_gauntlet, sprint_mu_hive_nellie,
          sprint_mu_lair_fedhas, sprint_mu_vaults_butterflies,
          sprint_mu_slime_circle, sprint_mu_shoals_kraken,
          sprint_mu_snake_twists, sprint_mu_blade_basic, sprint_mu_crypt_lich,
          sprint_mu_tomb_spiral, sprint_mu_vestibule_basic,
          sprint_mu_gehenna_hellfire, sprint_mu_dis_giant,
          sprint_mu_tartarus_statrot, sprint_mu_cocytus_islands, sprint_mu_zot1]

Skill      XL: |  1  2  3  4  5  6  7  8  9 |
---------------+----------------------------+-----
Unarmed Combat | 6 8 9 10 11 12 | 12.1
Transmutations | 5 9 12 | 12.3
Fighting       | 4 5 8 9 |  9.3
Dodging        | 5 8 9 |  9.5
Spellcasting   | 4 |  4.5

Action                   |  1- 3 |  4- 6 |  7- 9 || total
-------------------------+-------+-------+-------++-------
Melee: Unarmed           |    17 |    15 |    36 ||    68
       Tentacles         |     6 |     2 |     8 ||    16
       Constrict         |     4 |     1 |     3 ||     8
       Kick              |     3 |     2 |       ||     5
       Punch             |       |       |     2 ||     2
 Cast: Beastly Appendage |     4 |     1 |       ||     5
       Sticks to Snakes  |     1 |     1 |       ||     2
       Blade Hands       |       |     2 |     4 ||     6
Invok: Potion Petition   |       |       |     1 ||     1
       Call Merchant     |       |       |     1 ||     1
  Use: Potion            |       |     2 |     2 ||     4
 Stab: Sleeping          |     3 |       |     2 ||     5
  Eat: Chunk             |       |       |     1 ||     1
       Ration            |       |       |     1 ||     1
Dodge: Dodged            |     6 |     8 |    20 ||    34
